 Dungeon Crawl Stone Soup version 0.29-a0-920-g5d2155ec51 (webtiles) character file.

Game seed: 3093834084912526006

65 Ajdolov the Digger (level 4, -11/33 HPs)
             Began as a Ghoul Earth Elementalist on July 27, 2022.
             Killed by divine providence
             ... invoked by an orc priest
              (16 damage)
             ... on level 3 of the Dungeon.
             The game lasted 00:02:23 (1911 turns).

Ajdolov the Digger (Ghoul Earth Elementalist)       Turns: 1911, Time: 00:02:24

Health: -11/33     AC:  2    Str: 11    XL:     4   Next: 13%
Magic:  0/5        EV: 12    Int: 12    God:
Gold:   83         SH:  0    Dex:  9    Spells: 5/6 levels left

rFire   . . .      SeeInvis .   f - +0 spear
rCold   + . .      Faith    .   (no shield)
rNeg    + + +      Spirit   .   a - +0 robe
rPois   ∞          Reflect  .   (no helmet)
rElec   .          Harm     .   (no cloak)
rCorr   .          Rampage  .   (no gloves)
Will    .....                   (no boots)
Stlth   ++........              (no amulet)
HPRegen 0.00/turn               (no ring)
MPRegen 0.09/turn               (no ring)

@: inhibited regen
A: claws 1, cold resistance 1, negative energy resistance 3, inhibited
regeneration, torment resistance 2, devour on kill
a: no special abilities


You were on level 3 of the Dungeon.
You visited 1 branch of the dungeon, and saw 3 of its levels.

You collected 83 gold pieces.

Inventory:

Hand Weapons
 f - a +0 spear (weapon)
Armour
 a - a +0 robe (worn)
Jewellery
 g - an amulet of reflection
 m - a +6 ring of dexterity
Wands
 p - a wand of mindburst (22)
Scrolls
 h - a scroll of immolation {unknown}
 j - a scroll of poison {unknown}
 k - a scroll of enchant armour {unknown}
 l - a scroll of amnesia {unknown}
 n - a scroll of identify {unknown}
 q - a scroll of vulnerability {unknown}
Potions
 b - a potion of magic
 c - 2 potions of degeneration {unknown}
 d - 2 potions of haste {unknown}
 e - 2 potions of might {unknown}
 i - a potion of curing {unknown}
 o - a potion of cancellation {unknown}


   Skills:
 - Level 1.7 Dodging
 - Level 2.1 Stealth
 - Level 1.7 Spellcasting
 - Level 0.8 Transmutations
 + Level 5.3 Earth Magic


You had 5 spell levels left.
You knew the following spells:

 Your Spells              Type           Power      Damage    Failure   Level
a - Sandblast             Erth           26%        2d8       3%          1

Your spell library contained the following spells:

 Spells                   Type           Power      Damage    Failure   Level
 Passwall                 Tmut/Erth      6%         N/A       12%         2
 Stone Arrow              Conj/Erth      14%        3d7       28%         3
 Petrify                  Tmut/Erth      8%         N/A       61%         4


Dungeon Overview and Level Annotations

Branches:
Dungeon (2/15)

Altars:
Dithmenos


Innate Abilities, Weirdness & Mutations

You are immune to poison.
You have sharp fingernails.
Your flesh is cold resistant. (rC+)
You are immune to negative energy. (rN+++)
You do not regenerate when monsters are visible.
You are immune to unholy pain and torment.
You thrive by killing the living.


Message History

You start waiting.
An orc is nearby!
The blast of sand hits the orc but does no damage.
The orc hits you with a +0 hand axe. The orc priest closely misses you.
The blast of sand hits the orc but does no damage.
The orc barely misses you. The orc priest closely misses you.
The orc priest invokes the aid of Beogh against you.
Beogh smites you! The orc barely misses you.
Unknown command.
You are too injured to fight recklessly!
Aiming: Sandblast (safe; 3% risk of failure)
Press: ? - help, Q - select action, (/) - cycle Shift-Dir - straight line, f/p - orc
Aim: an orc, wielding a +0 hand axe and wearing a +0 scale mail (84% to hit)
The blast of sand hits the orc but does no damage.
The orc closely misses you. The orc priest misses you.
The orc completely misses you.
The orc priest hits you from afar with a +0 trident.
Aiming: Sandblast (safe; 3% risk of failure)
Press: ? - help, Q - select action, (/) - cycle Shift-Dir - straight line, f/p - orc
Aim: an orc, wielding a +0 hand axe and wearing a +0 scale mail (84% to hit)
The blast of sand hits the orc!
You kill the orc!
You feel better. The orc priest barely misses you.
The orc priest closely misses you.
Aiming: Sandblast (safe; 3% risk of failure)
Press: ? - help, Q - select action, (/) - cycle Shift-Dir - straight line, f - orc priest
Aim: an orc priest, wielding a +0 trident and wearing a +0 scale mail (84% to hit)
The blast of sand misses the orc priest.
The orc priest closely misses you.
The orc priest hits you from afar with a +0 trident.
Aiming: Sandblast (safe; 3% risk of failure)
Press: ? - help, Q - select action, (/) - cycle Shift-Dir - straight line, f/p - orc priest
Aim: an orc priest, wielding a +0 trident and wearing a +0 scale mail (84% to hit)
The blast of sand hits the orc priest but does no damage.
The orc priest hits you from afar with a +0 trident!
* * * LOW HITPOINT WARNING * * *
The orc priest closely misses you.
The orc priest mumbles some strange prayers to Beogh against you.
Beogh smites you!
You die...

#.#.########
###.>..######
#.............
#.#....####.##.. # #.#.##
#.##.. #.#.#)# #.##.#
####.#.#.#####^##.#
.......)...##...#.#
####.#..##...@#...# #
#.#..#####...#.####.##.##
#....## ##.##...o.oo....
#.#...## #o##o####.##.##
#......####.##.# #
#..........)##.####..o
#......#####>.........
#######.#...##
#.#######.#
#..........#######.#


You could see an orc priest.

Vanquished Creatures
  An adder (D:2)
  2 dart slugs
  An orc (D:3)
  8 endoplasms
  2 giant cockroaches (D:1)
  5 goblins
  5 hobgoblins
  5 kobolds
  3 quokkas
  4 ball pythons
  3 bats (D:1)
  A frilled lizard (D:2)
  5 rats
  A butterfly (D:1)
46 creatures vanquished.

Vanquished Creatures (others)
  13 plants (D:1)
13 creatures vanquished.

Grand Total: 59 creatures vanquished

Notes
Turn   | Place    | Note
-------+----------+-------------------------------------------
     0 | D:1      | Ajdolov the Ghoul Earth Elementalist began the quest for
                  | the Orb.
     0 | D:1      | Reached XP level 1. HP: 14/14 MP: 2/2
    58 | D:1      | Reached XP level 2. HP: 9/20 MP: 0/3
    59 | D:1      | Reached skill level 4 in Earth Magic
   650 | D:1      | Reached XP level 3. HP: 26/26 MP: 2/4
  1457 | D:2      | Reached skill level 5 in Earth Magic
  1524 | D:2      | Found a shadowy altar of Dithmenos.
  1652 | D:2      | Reached XP level 4. HP: 33/33 MP: 3/5
  1679 | D:2      | You fall into a shaft and drop 1 floor!
  1911 | D:3      | Killed from afar by an orc priest

Illustrated notes

Levels and vault maps discovered:
D:1:      spicycebolla_arrival_clurvy, layout_loops_ring, hangedman_decor_push,
          serial_bayou_pond_b
D:2:      layout_basic, serial_rivers, chequers_serial_rivers_small_3,
          chequers_serial_rivers_small_a, chequers_serial_rivers_room_a,
          chequers_serial_rivers_small_b, chequers_serial_rivers_small_a,
          chequers_serial_rivers_large_a, basic_altar
D:3:      layout_loops_ring, serial_aquarium, aquarium_bridge_long_separate
          [aquarium_subvault_bridge, aquarium_subvault_bridge,
          aquarium_subvault_wall, aquarium_subvault_bridge,
          aquarium_subvault_wall, aquarium_subvault_bridge], aquarium_window_1,
          aquarium_window_2, aquarium_window_corner, aquarium_view_2b,
          aquarium_pool_2

Skill      XL: |  1  2  3 |
---------------+----------+-----
Earth Magic    | 4 5 |  5.3
Dodging        | |  1.7
Stealth        | |  2.1
Spellcasting   | |  1.7
Transmutations | |  0.8

Action                   |  1- 3 |  4- 6 || total
-------------------------+-------+-------++-------
Melee: Unarmed           |     9 |       ||     9
       Dagger            |     1 |       ||     1
       Spear             |     5 |     6 ||    11
 Cast: Sandblast         |    53 |    10 ||    63
 Stab: Sleeping          |     1 |       ||     1
Armor: Robe              |     3 |       ||     3
Dodge: Dodged            |    38 |    15 ||    53

Table legend: (Time is in decaauts)
 A = Elapsed time spent in this place.
 B = Non-inter-level travel time spent in this place.
 C = Inter-level travel time spent in this place.
 D = Time resting spent in this place.
 E = Time spent auto-exploring this place.
 F = Levels seen in this place.
 G = Mean time per level.
                   A        B        C        D        E       F      G
               +--------+--------+--------+--------+--------+-----+--------+
         Total |   1977 |   1955 |     22 |    107 |   1491 |   3 |  659.0 |
       Dungeon |   1977 |   1955 |     22 |    107 |   1491 |   3 |  659.0 |
               +--------+--------+--------+--------+--------+-----+--------+

Top non-repeatable levels by time:
     D:1: 1362 daAuts
     D:2: 372 daAuts
     D:3: 242 daAuts
